 Dungeon Crawl Stone Soup version 0.27.1-1-g398f81649c (webtiles) character file.

Game seed: 1649761695484487210

115 H0rd4k the Insei (level 5, -4/33 HPs)
             Began as an Octopode Transmuter on Sept 9, 2021.
             Killed by nerve-wracking pain
             ... invoked by an orc priest
              (10 damage)
             ... on level 3 of the Dungeon.
             The game lasted 00:02:44 (3037 turns).

H0rd4k the Insei (Octopode Transmuter)              Turns: 3037, Time: 00:02:45

Health: -4/33      AC:  1    Str: 10    XL:     5   Next: 0%
Magic:  3/8        EV: 13    Int: 16    God:
Gold:   87         SH:  0    Dex: 12    Spells: 5/9 levels left

rFire    . . .     SeeInvis .     - Unarmed
rCold    . . .     Faith    .   (no shield)
rNeg     . . .     Spirit   .   (helmet restricted)
rPois    .         Reflect  .   (no amulet)
rElec    .         Harm     .   (no ring)
rCorr    .         Rampage  .   (no ring)
Will     .....                  (no ring)
Stlth    ++........             (no ring)
HPRegen  0.11/turn              (no ring)
MPRegen  0.11/turn              (no ring)
                                (no ring)
                                (no ring)

@: very slightly contaminated
A: almost no armour, amphibious, 8 rings, camouflage 1, gelatinous body 1,
(nimble swimmer 1), tentacles
a: no special abilities


You were on level 3 of the Dungeon.
You visited 1 branch of the dungeon, and saw 3 of its levels.

You collected 87 gold pieces.

Inventory:

Missiles
 g - 17 poisoned darts (quivered)
Jewellery
 d - a ring of poison resistance
Wands
 h - a wand of paralysis (9)
Scrolls
 a - a scroll of blinking {unknown}
 c - 2 scrolls of fog {unknown}
 e - a scroll of teleportation {unknown}
 f - a scroll of amnesia {unknown}
 i - a scroll of identify {unknown}
Potions
 b - 3 potions of curing {unknown}
 j - a potion of magic {unknown}


   Skills:
 + Level 1.2 Fighting
 + Level 0.1 Throwing
 + Level 2.1 Dodging
 + Level 4.4 Unarmed Combat
 * Level 2.5 Spellcasting
 * Level 2.6 Transmutations
 * Level 0.9 Poison Magic


You had 5 spell levels left.
You knew the following spells:

 Your Spells              Type           Power      Damage    Failure   Level
a - Beastly Appendage     Tmut           20%        N/A       7%          1
b - Spider Form           Tmut/Pois      3%         N/A       28%         3

Your spell library contained the following spells:

 Spells                   Type           Power      Damage    Failure   Level
 Wereblood                Tmut           10%        N/A       10%         2
 Summon Small Mammal      Summ           8%         N/A       21%         1
 Corpse Rot               Necr/Air       N/A        N/A       30%         2
 Call Canine Familiar     Summ           2%         N/A       52%         3
 Ozocubu's Armour         Ice            2%         N/A       52%         3
 Summon Guardian Golem    Hex/Summ       2%         N/A       52%         3
 Ice Form                 Ice/Tmut       6%         N/A       75%         4
 Dispel Undead            Necr           2%         3d7       89%         4
 Death Channel            Necr           1%         N/A       100%        6
 Ozocubu's Refrigeration  Ice            1%         4d5       100%        7


Dungeon Overview and Level Annotations

Branches:
Dungeon (3/15)

Altars:

Shops:
D:3 :


Innate Abilities, Weirdness & Mutations

You cannot wear most types of armour.
You are amphibious.
You can wear up to eight rings at the same time.
Your skin changes colour to match your surroundings (Stealth+).
Your rubbery body absorbs attacks. (AC +1, EV +1)
((You are camouflaged near water. (Stealth+)))
You have tentacles for arms and can constrict up to eight enemies at once.


Message History

An orc comes into view. It is wielding a +0 short sword.
An orc comes into view. It is wielding a +0 trident.
There is an open door here.
Cast which spell? (? or * to list)
The spell is quite dangerous to cast (28% risk of failure)!
Continue anyway? [Y]es or [N]o only, please.
The spell is quite dangerous to cast (28% risk of failure)!
Continue anyway?
Okay, then.
Casting: Spider Form (quite dangerous; 28% risk of failure)
Confirm with . or Enter, or press ? or * to list all spells.
The spell is quite dangerous to cast (28% risk of failure)!
Continue anyway?
You miscast Spider Form.
You are very lightly contaminated with residual magic.
You feel rather nauseous for a moment!
You are poisoned.
The orc shouts!
You feel sick.
You hear a shout! x2
Unknown command.
Casting: Spider Form (quite dangerous; 28% risk of failure)
Confirm with . or Enter, or press ? or * to list all spells.
The spell is quite dangerous to cast (28% risk of failure)!
Continue anyway? [Y]es or [N]o only, please.
The spell is quite dangerous to cast (28% risk of failure)!
Continue anyway?
You miscast Spider Form.
Nothing appears to happen.
You feel sick. The orc barely misses you.
You feel sick.
There is an open door here.
You feel sick.
An orc comes into view. It is wielding a +0 mace.
You feel sick.
You are no longer poisoned.
The orc hits you from afar with a +0 trident!
* * * LOW HITPOINT WARNING * * *
The orc closely misses you.
There is an open door here.
The orc priest shouts!
You hear a shout!
The orc priest invokes the aid of Beogh against you.
Pain shoots through your body!
You die...

##o###.###...### #.#
### #.....# #.#
#.o##.# ##'## #..##.#
##...## #..##.#
##.....## #...#.#
##.......## #.#.#.#
###.........###.o^..##
..'.........'o..@....#
###.........####...#.#
##.......## #..##.#
##....>## #..##.#
##...## #..##.# ##'##
#..##.# #. #..##.# #.
#..##.# #.....#


You could see an orc priest and an orc.

Vanquished Creatures
  Natasha (D:3)
  3 adders
  A dart slug (D:2)
  8 ball pythons
  3 bats (D:1)
  9 endoplasms
  3 giant cockroaches (D:2)
  3 hobgoblins
  4 quokkas
  2 frilled lizards (D:2)
  9 goblins
  5 kobolds
  6 rats
57 creatures vanquished.

Notes
Turn   | Place    | Note
-------+----------+-------------------------------------------
     0 | D:1      | H0rd4k the Octopode Transmuter began the quest for the Orb.
     0 | D:1      | Reached XP level 1. HP: 13/13 MP: 3/3
   184 | D:1      | Reached XP level 2. HP: 7/18 MP: 5/5
   793 | D:1      | Reached XP level 3. HP: 23/23 MP: 6/6
   797 | D:1      | Learned a level 3 spell: Spider Form
  1883 | D:2      | Reached skill level 4 in Unarmed Combat
  1885 | D:2      | Reached XP level 4. HP: 28/28 MP: 7/7
  2505 | D:2      | Found a faded altar of an unknown god.
  2766 | D:3      | Found Oruegg's Book Shoppe.
  2808 | D:3      | Noticed Natasha
  2817 | D:3      | Killed Natasha
  2819 | D:3      | Reached XP level 5. HP: 15/33 MP: 4/8
  3037 | D:3      | Killed from afar by an orc priest

Illustrated notes

Levels and vault maps discovered:
D:1:      lemuel_arrival_tunnels, layout_basic, minmay_tetromino_o4
D:2:      layout_basic, dilly_ecumenical_altar_fadedgnrine, serial_rivers,
          chequers_serial_rivers_small_b, chequers_serial_rivers_marsh,
          chequers_serial_rivers_micro_d, chequers_serial_rivers_small_b
D:3:      layout_loops_corners, chequers_temple_overflow_minitemple,
          dk_yredelemnul_ordeal, serial_shops, shop, gammafunk_ghost_smash,
          uniq_robin, uniq_crazy_yiuf_cottage, uniq_natasha

Skill      XL: |  1  2  3 |
---------------+----------+-----
Unarmed Combat | 4 |  4.4
Fighting       | |  1.2
Throwing       | |  0.1
Dodging        | |  2.1
Spellcasting   | |  2.5
Transmutations | |  2.6
Poison Magic   | |  0.9

Action                   |  1- 3 |  4- 6 || total
-------------------------+-------+-------++-------
Melee: Unarmed           |    83 |    37 ||   120
       Constrict         |    21 |     5 ||    26
       Tentacles         |    15 |     6 ||    21
       Punch             |     1 |     1 ||     2
Throw: Dart              |       |     8 ||     8
 Cast: Spider Form       |       |     1 ||     1
 Stab: Sleeping          |    10 |     3 ||    13
Armor: Skin              |     3 |     1 ||     4
Dodge: Dodged            |    47 |    23 ||    70
